 Dungeon Crawl Stone Soup version 0.31-a0-1300-gb6740aa4e6 (webtiles) character file.

Game seed: 1381058459916490384

89 Donohue the Slasher (level 4, 0/41 HPs)
             Began as a Minotaur Berserker on Dec 18, 2023.
             Was a Follower of Trog.
             Slain by an ogre
             ... wielding a +0 giant spiked club
              (13 damage)
             ... on level 4 of the Dungeon.
             The game lasted 00:30:25 (3563 turns).

Donohue the Slasher (Minotaur Berserker)            Turns: 3563, Time: 00:30:26

Health: 0/41       AC: 15    Str: 24    XL:     4   Next: 31%
Magic:  3/3        EV:  7    Int:  4    God:    Trog [*.....]
Gold:   105        SH:  0    Dex:  9    Spells: 3/3 levels left

rFire   . . .        a - +0 falchion
rCold   . . .        (no shield)
rNeg    . . .        i - +0 plate armour
rPois   .            (helmet restricted)
rElec   .            (no cloak)
rCorr   .            (no gloves)
SInv    .            (no boots)
Will    .....        (no amulet) Stlth
                     r - +4 ring of protection
HPRegen 0.26/turn    (no ring)
MPRegen 0.08/turn

%: no passive effects
@: no status effects
A: horns 2, retaliatory headbutt
a: Renounce Religion, Berserk


You were on level 4 of the Dungeon.
You worshipped Trog.
Trog was aware of your devotion.
You visited 1 branch of the dungeon, and saw 4 of its levels.

You collected 105 gold pieces.

Inventory:

Hand Weapons
 a - a +0 falchion (weapon)
Missiles
 d - 10 poisoned darts
 k - 50 stones
Armour
 b - a +0 animal skin
 i - a +0 plate armour (worn)
Magical Staves
 h - a staff of conjuration
Jewellery
 r - a +4 ring of protection (left hand)
Wands
 u - a wand of digging (7)
Scrolls
 e - a scroll of immolation {unknown}
 f - a scroll of blinking {unknown}
 j - a scroll of vulnerability {unknown}
 l - a scroll of revelation {unknown}
 m - a scroll of acquirement {unknown}
 o - 3 scrolls of identify {unknown}
 p - 2 scrolls of fog {unknown}
 t - a scroll of fear {unknown}
Potions
 c - a potion of brilliance {unknown}
 g - 2 potions of curing {unknown}
 n - a potion of attraction {unknown}
 q - a potion of lignification {unknown}
 s - a potion of degeneration {unknown}
 v - a potion of might {unknown}


   Skills:
 + Level 4.3 Fighting
 * Level 5.2 Long Blades
 + Level 3.0 Armour
 + Level 2.6 Dodging
 + Level 0.1 Stealth


You had 3 spell levels left.
You didn't know any spells.
Your spell library contained the following spells:

 Spells                   Type           Power      Damage    Failure   Level
 Magic Dart               Conj           0%         1d3       100%        1
 Call Imp                 Summ           0%         N/A       100%        2
 Scorch                   Fire           0%         2d5       100%        2
 Inner Flame              Hex/Fire       0%         N/A       100%        3
 Mephitic Cloud           Conj/Pois/Air  0%         N/A       100%        3
 Flame Wave               Conj/Fire      0%         2d4       100%        4
 Sticky Flame             Conj/Fire      0%         2d3       100%        4
 Summon Cactus Giant      Summ           0%         N/A       100%        6


Dungeon Overview and Level Annotations

Branches:
Dungeon (4/15)
 Temple: D:4-7

Altars:


Innate Abilities, Weirdness & Mutations

You have a pair of horns on your head.
You reflexively headbutt those who attack you in melee.


Message History

You barely miss the goblin. The goblin hits you but does no damage.
The ogre attacks as it pursues you! The ogre barely misses you.
You barely miss the ogre. You headbutt the ogre!
The ogre is moderately wounded.
The goblin hits you but does no damage.
The ogre hits you with a +0 giant spiked club!
The goblin attacks as it pursues you! The goblin barely misses you.
The goblin attacks as it pursues you! The goblin hits you but does no damage.
The goblin attacks as it pursues you! The goblin hits you but does no damage.
The goblin attacks as it pursues you! The goblin hits you but does no damage.
The goblin attacks as it pursues you! The goblin hits you but does no damage.
The goblin barely misses you. You furiously retaliate!
You headbutt the goblin. The goblin attacks as it pursues you!
The goblin hits you with a +2 dagger of freezing.
The goblin freezes you. The goblin attacks as it pursues you!
The goblin hits you but does no damage. The goblin attacks as it pursues you!
The goblin hits you but does no damage.
You barely miss the goblin.
The goblin is severely wounded.
The goblin barely misses you. You furiously retaliate!
You headbutt the goblin.
You kill the goblin!
Trog accepts your kill.
You hit the ogre but do no damage.
The ogre is lightly wounded.
The ogre hits you with a +0 giant spiked club!
There is a stone staircase leading up here.
You climb upwards.
There is a stone staircase leading down here.
You start resting.
HP restored.
There is a stone staircase leading down here.
You climb downwards.
The ogre hits you with a +0 giant spiked club!
There is a stone staircase leading up, spattered with blood here.
You slash the ogre! You headbutt the ogre!
The ogre is heavily wounded.
The ogre hits you with a +0 giant spiked club!
* * * LOW HITPOINT WARNING * * *
The ogre hits you with a +0 giant spiked club!
You die...

..##....# #...# ##...## ##.###
..###...####..# #..## #...# ..#
##...###..## #.## #.... ..#
##...##...#####.# #..## ..##
#..............### #.##
...####.......#.........#####.###
.........##...#..................
........####...........###.......
...###..## #....@O.....# ####....
..## ##..# ##....#.....# #....
...## #..####>..##..#..## #...#
..#.###........##...#...# #..##
..##...............###..# #..#
............#........#..#####..#
.............#..###............#
##.........#(#.## #............#
#.........#...## #..†.###.......


You could see an ogre.

Vanquished Creatures
  An iguana (D:4)
  2 adders (D:2)
  2 worms (D:2)
  A dart slug (D:3)
  3 bats
  3 endoplasms
  A giant cockroach (D:1)
  4 goblins
  3 hobgoblins
  3 jackals (D:2)
  4 ball pythons
  5 frilled lizards
  5 kobolds
  5 rats
42 creatures vanquished.

Notes
Turn   | Place    | Note
-------+----------+-------------------------------------------
     0 | D:1      | Donohue the Minotaur Berserker began the quest for the Orb.
     0 | D:1      | Reached XP level 1. HP: 19/19 MP: 0/0
   476 | D:1      | Reached skill level 4 in Long Blades
   533 | D:1      | Reached XP level 2. HP: 27/27 MP: 1/1
   592 | D:1      | Found a faded altar of an unknown god.
  1207 | D:2      | Reached XP level 3. HP: 28/33 MP: 2/2
  1520 | D:2      | Identified the +3 robe of Gedegam {Rampage +Blink rCorr
                  | Str-4}
  2287 | D:3      | Reached ** piety under Trog
  3135 | D:4      | Reached skill level 5 in Long Blades
  3135 | D:4      | Reached XP level 4. HP: 34/41 MP: 3/3
  3397 | D:4      | Noticed an ogre
  3563 | D:4      | Slain by an ogre

Illustrated notes

Levels and vault maps discovered:
D:1:      dpeg_arrival_yet_another_circle, layout_basic,
          shapermc_ecumenical_altar_mp_ritualfount
D:2:      layout_loops_corners, supply_closet_lemuel,
          chequers_serial_rivers_room_b
D:3:      layout_basic
D:4:      layout_layer_cave

Skill      XL: |  1  2  3 |
---------------+----------+-----
Long Blades    | 4 5 |  5.2
Fighting       | 4 |  4.3
Armour         | 3 |  3.0
Dodging        | |  2.6
Stealth        | |  0.1

Action                     |  1- 3 |  4- 6 || total
---------------------------+-------+-------++-------
  Melee: Falchion          |    96 |     6 ||   102
         Headbutt          |    22 |     2 ||    24
 Armour: Animal skin       |    11 |       ||    11
         Plate armour      |    60 |    15 ||    75
  Dodge: Dodged            |    41 |     6 ||    47

Table legend: (Time is in decaauts)
 A = Elapsed time spent in this place.
 B = Non-inter-level travel time spent in this place.
 C = Inter-level travel time spent in this place.
 D = Time resting spent in this place.
 E = Time spent auto-exploring this place.
 F = Levels seen in this place.
 G = Mean time per level.
                   A        B        C        D        E       F      G
               +--------+--------+--------+--------+--------+-----+--------+
         Total |   3579 |   3578 |      1 |    464 |     11 |   4 |  894.8 |
       Dungeon |   3579 |   3578 |      1 |    464 |     11 |   4 |  894.8 |
               +--------+--------+--------+--------+--------+-----+--------+

Top non-repeatable levels by time:
     D:2: 1225 daAuts
     D:1: 1193 daAuts
     D:3: 673 daAuts
     D:4: 487 daAuts
